 Dungeon Crawl Stone Soup version 0.20-a0-351-gc9b4002 (webtiles) character file.

116 Duffy the Firebug (level 4, 19/24 HPs)
             Began as a Deep Elf Fire Elementalist on Dec 26, 2016.
             Was a Follower of Makhleb.
             Quit the game on level 4 of the Dungeon.
             The game lasted 00:02:19 (2915 turns).

Duffy the Firebug (Deep Elf Fire Elementalist)      Turns: 2915, Time: 00:02:20

Health: 19/24      AC:  3    Str:  5    XL:     4   Next: 70%
Magic:  1/11       EV: 13    Int: 21    God:    Makhleb [*.....]
Gold:   146        SH:  0    Dex: 15    Spells: 2/10 levels left

rFire  . . .     SeeInvis .     (no weapon)
rCold  . . .     Gourm    .     a - +0 robe
rNeg   . . .     Faith    .     (no shield)
rPois  .         Spirit   .     (no helmet)
rElec  .         Reflect  .     (no cloak)
rCorr  .         Harm     .     m - +0 pair of gloves
MR     .....                    (no boots)
Stlth  ++........               (no amulet)
                                (no ring)
                                (no ring)

@: no status effects
A: no striking features
a: Renounce Religion


You were on level 4 of the Dungeon.
You worshipped Makhleb.
Makhleb was aware of your devotion.
You were hungry.

You visited 1 branch of the dungeon, and saw 4 of its levels.

You collected 146 gold pieces.

Inventory:

Armour
 a - a +0 robe (worn)
 m - a +0 pair of gloves (worn)
Jewellery
 i - an uncursed ring of protection from magic
 r - an uncursed ring of teleportation
 t - an uncursed ring of stealth
 x - a +3 ring of strength
Scrolls
 k - a scroll of immolation
 n - a scroll of teleportation {unknown}
 o - 2 scrolls of recharging {unknown}
 p - 2 scrolls of identify
 u - a scroll of magic mapping {unknown}
Potions
 e - 2 potions of heal wounds {unknown}
 f - a potion of haste {unknown}
 h - a potion of brilliance {unknown}
Books
 b - a book of Flames

   Spells                             Type                      Level
   a - Flame Tongue                   Conjuration/Fire             1
   b - Throw Flame                    Conjuration/Fire             2
   c - Conjure Flame                  Conjuration/Fire             3
   d - Inner Flame                    Hexes/Fire                   3
   e - Sticky Flame                   Conjuration/Fire             4
   f - Fireball                       Conjuration/Fire             5
 s - a book of Air

   Spells                             Type                      Level
   a - Shock                          Conjuration/Air              1
   b - Swiftness                      Charms/Air                   2
   c - Repel Missiles                 Charms/Air                   2
   d - Static Discharge               Conjuration/Air              3
   e - Lightning Bolt                 Conjuration/Air              5
Comestibles
 c - 5 bread rations
 d - a slice of pizza
 j - a beef jerky
 q - a royal jelly
 v - a meat ration


   Skills:
 - Level 2.4 Dodging
 - Level 2.4 Stealth
 + Level 3.8 Spellcasting
 * Level 3.1 Conjurations
 * Level 4.7 Fire Magic


You had 2 spell levels left.
You knew the following spells:

 Your Spells              Type           Power        Failure   Level  Hunger
a - Flame Tongue          Conj/Fire      ###..        2%          1    None
j - Sticky Flame          Conj/Fire      ###.....     28%         4    ####...
l - Conjure Flame         Conj/Fire      ###.....     10%         3    ###....


Dungeon Overview and Level Annotations

Branches:
Dungeon (4/15)
 Temple: D:4-7

Altars:
Hepliaklqana
Kikubaaqudgha
Makhleb
Nemelex Xobeh


Message History

Cast which spell? (? or * to list)
Aiming: Flame Tongue
Press: ? - help, Shift-Dir - straight line, f/p - dart slug
Aim: a dart slug (moderately wounded)
The flame tongue hits the dart slug.
The dart slug is almost dead.
Cast which spell? (? or * to list)
Aiming: Flame Tongue
Press: ? - help, Shift-Dir - straight line, f/p - dart slug
Aim: a dart slug (almost dead)
The flame tongue hits the dart slug.
You kill the dart slug!
Makhleb accepts your kill.
Cast which spell? (? or * to list)
You can't see any susceptible monsters within range! (Use Z to cast anyway.) Cast which spell? (? or * to list)
You can't see any susceptible monsters within range! (Use Z to cast anyway.) Cast which spell? (? or * to list)
You can't see any susceptible monsters within range! (Use Z to cast anyway.) Are you sure you want to abandon this character and quit the game? (Confirm with "yes".)

#...........#....+...#
#...........#....#...#
#...........+....#...#
#...........#....#...#
###.###.##..#....########.
..#.###.##..#.............
..'.........#.............
..#.........#..........)..
..######### #..%@%.....(.[
...................#######
............(.....!+
...>...............#
..(................#
.##########+#....... .#
....#.......# .#
....#.......# .#
#...#.......+


There were no monsters in sight!

Vanquished Creatures
  An iguana (D:4)
  A worker ant (D:4)
  2 adders
  An ooze (D:2)
  A worm (D:3)
  2 dart slugs
  A leopard gecko (D:3)
  2 giant cockroaches (D:1)
  5 goblins
  6 hobgoblins
  A quokka (D:3)
  A ball python (D:2)
  7 bats
  A frilled lizard (D:3)
  4 kobolds
  6 rats
42 creatures vanquished.

Notes
Turn   | Place    | Note
-------+----------+-------------------------------------------
     0 | D:1      | Duffy the Deep Elf Fire Elementalist began the quest for the Orb.
     0 | D:1      | Reached XP level 1. HP: 10/10 MP: 6/6
   406 | D:1      | Reached XP level 2. HP: 13/15 MP: 1/8
  1074 | D:2      | Found a sparkling altar of Nemelex Xobeh.
  1140 | D:2      | Reached skill level 2 in Conjurations
  1198 | D:2      | Found a faded altar of an unknown god.
  1214 | D:2      | Became a worshipper of Makhleb the Destroyer
  1214 | D:2      | Reached * piety under Makhleb
  1379 | D:2      | Found an ancient bone altar of Kikubaaqudgha.
  1413 | D:2      | Reached skill level 4 in Fire Magic
  1413 | D:2      | Reached XP level 3. HP: 16/19 MP: 5/9
  1568 | D:2      | Learned a level 3 spell: Conjure Flame
  1966 | D:2      | Found a hazy altar of Hepliaklqana.
  2782 | D:4      | Reached XP level 4. HP: 24/24 MP: 6/11
  2788 | D:4      | Learned a level 4 spell: Sticky Flame
  2911 | D:4      | Reached skill level 3 in Conjurations
  2915 | D:4      | Quit the game

Vault maps used:
D:1:      minmay_arrival_widening_spiral_wide, minmay_octomino_c4
D:2:      kennysheep_big_flooded_room, kiku_gazebo_garden_becter,
          nemelex_xobeh_ov_fountains_minmay, lemuel_doored_altar, first_bread,
          chequers_ecumenical_altar_simple_redux, serial_bayou_crossing
D:3:      kennysheep_goblin_castle
D:4:      nicolae_overflow_crystal_walls, old_standard_altar

Skill      XL: |  1  2  3  4 |
---------------+-------------+-----
Conjurations   | 2 3 |  3.1
Fire Magic     | 4 |  4.7
Dodging        | |  2.4
Stealth        | |  2.4
Spellcasting   | |  3.8

Action                   |  1- 3 |  4- 6 || total
-------------------------+-------+-------++-------
 Cast: Flame Tongue      |    71 |    12 ||    83
  Use: Scroll            |     4 |       ||     4
  Eat: Chunk             |     5 |       ||     5
Armor: Robe              |     6 |     2 ||     8
Dodge: Dodged            |    19 |     5 ||    24
